cohdb
Replays
Latest Replays
All Replays
Popular Replays
Top Player Replays
Match Explorer
How It Works
Community
CoH3 Stats
Reddit
Sign in to upload your games and track your stats! →
Sign in with Steam
USF vs Wehr Pachino Stalemate Assault Engi
Match 36961403
Overview
Messages
Build Orders
End
Selects Armored Battlegroup
Selects Assault Engineers
Assault Engineer Squad
Assault Engineer Squad
Assault Engineer Squad
Construct Weapon Support Center
M1919 Machine Gun Team
Construct Medical Station
M1919 Machine Gun Team
Infantry Support Center
Bazooka Squad
Bazooka Squad
Construct Tank Depot
Selects Strength in Steel
Selects Seek and Destroy
Selects UNKNOWN (2160077)
M4A3E8 Sherman Easy Eight
Selects M31 Recovery Vehicle
M4A3E8 Sherman Easy Eight
M4A3E8 Sherman Easy Eight
M31 Recovery Vehicle
MasterStef
2.0
0
0
Comments
sign in to comment!
No comments posted yet!